 Dungeon Crawl Stone Soup version 0.18-a0-1526-gcb34c7c (webtiles) character file.

1874 lorenzova the Thaumaturge (level 8, -7/36 HPs)
             Began as a Spriggan Enchanter on Mar 8, 2016.
             Was a Follower of Dithmenos.
             Mangled by an orc warrior
             ... wielding a +0 short sword
              (24 damage)
             ... on level 7 of the Dungeon.
             The game lasted 00:25:23 (9888 turns).

lorenzova the Thaumaturge (Spriggan Enchanter)      Turns: 9888, Time: 00:25:24

Health: -7/36      AC:  3    Str:  5    XL:     8   Next: 91%
Magic:  10/22      EV: 18    Int: 16    God:    Dithmenos [*.....]
Gold:   200        SH:  0    Dex: 18    Spells: 2 memorised, 20 levels left

rFire  . . .     SeeInvis +     y - +0 dagger (speed)
rCold  . . .     Gourm    .     b - +1 robe
rNeg   . . .     Faith    .     (shield restricted)
rPois  .         Spirit   .     (helmet restricted)
rElec  .         Dismiss  .     (no cloak)
rCorr  .         Reflect  .     (gloves unavailable)
SustAt .         Harm     .     (boots unavailable)
MR     +....                    (no amulet)
Stlth  ++++++....               (no ring)
                                (no ring)

@: wreathed by umbra, very quick, somewhat resistant to hostile enchantments,
very stealthy
A: unfitting armour, see invisible, herbivore 3, speed 3, slow metabolism 2
a: Renounce Religion


You were on level 7 of the Dungeon.
You worshipped Dithmenos.
Dithmenos was aware of your devotion.
You were very hungry.

You visited 1 branch of the dungeon, and saw 7 of its levels.

You collected 200 gold pieces.

Inventory:

Hand Weapons
 y - a +0 dagger of speed (weapon)
Armour
 b - a +1 robe (worn)
Jewellery
 h - a +2 ring of protection {unknown}
 r - an uncursed ring of see invisible {unknown}
 E - a +3 ring of protection {unknown}
Wands
 q - a wand of slowing (48/48)
 x - a wand of flame (12/48)
 C - a wand of slowing (31/48)
Scrolls
 a - a scroll of enchant armour {unknown}
 e - 4 scrolls of teleportation
 g - 6 scrolls of magic mapping {unknown}
 i - 3 scrolls of identify
 o - a scroll of amnesia
 p - 2 scrolls of immolation {unknown}
 t - a scroll of blinking {unknown}
 u - a scroll of fog {unknown}
 w - 4 scrolls of remove curse
Potions
 f - 5 potions of curing
 j - a potion of agility
 k - a potion of haste {unknown}
 l - a potion of brilliance {unknown}
 m - a potion of might {unknown}
 n - 2 potions of mutation
 s - a potion of magic {unknown}
 v - a potion of ambrosia {unknown}
 z - 2 potions of lignification {unknown}
 A - 2 potions of cure mutation {unknown}
 B - a potion of cancellation {unknown}
 D - a potion of flight {unknown}
Books
 c - a book of Maledictions

   Spells                             Type                      Level
   a - Corona                         Hexes                        1
   b - Ensorcelled Hibernation        Hexes/Ice                    2
   c - Confuse                        Hexes                        3
   d - Tukima's Dance                 Hexes                        3
   e - Dazzling Spray                 Conjuration/Hexes            3
Comestibles
 d - 4 bread rations


   Skills:
 - Level 1.1 Short Blades
 - Level 3.0 Dodging
 + Level 9.2 Stealth
 * Level 9.3 Spellcasting
 * Level 9.3 Hexes


You had 20 spell levels left.
You knew the following spells:

 Your Spells              Type           Power        Failure   Level  Hunger
b - Ensorcelled Hibernat  Hex/Ice        ###...       1%          2    None
c - Confuse               Hex            #####...     1%          3    #......


Dungeon Overview and Level Annotations

Branches:
Dungeon (7/15)             Temple (0/1) D:6

Altars:
Dithmenos
Gozag
Nemelex Xobeh
Okawaru
Qazlal
Sif Muna
The Shining One


Innate Abilities, Weirdness & Mutations

You are tiny and cannot use many weapons and most armour.
You have supernaturally acute eyesight.
You are a herbivore.
You cover ground extremely quickly.
You need consume almost no food.


Message History

The orc warrior misses you.
You hit the orc warrior but do no damage.
The jackal completely misses you.
You strike the helpless orc warrior from behind!
You impale the orc warrior!!
The orc warrior is severely wounded.
The jackal barely misses you.
The orc warrior hits you with a short sword!
You hit the orc warrior.
The orc warrior is almost dead.
The jackal closely misses you.
You hit the orc warrior.
The orc warrior is almost dead.
The jackal barely misses you.
You hit the orc warrior but do no damage.
The orc warrior is almost dead.
The jackal closely misses you.
The orc warrior hits you with a short sword!!
Ouch! That really hurt!
You die...

.#.. ###.#.# #...
$.....# # #..#
#.....# .. #..#
###.....#.# #..###
#.....[.(.#
#...!###.#.....#
#.#.##..o..h!.#
#>......@h###.#
##./.....[).##.###
#.................
##......).).######
##........###.
##.#....###.#
###### #.......#.#
.....# #<#......#
####.# #.##.....#


You could see an orc warrior (confused) and 2 jackals.

Vanquished Creatures
  A hungry ghost (D:4)
  A sky beast (D:7)
  2 ogres (D:4)
  An ice beast (D:5)
  2 centaurs
  3 giant frogs
  A scorpion (D:4)
  A water moccasin skeleton (D:3)
  2 howler monkeys
  4 crimson imps
  2 hounds
  3 jellies
  3 orc priests
  An iguana (D:4)
  A worker ant (D:4)
  4 orc wizards
  A hound skeleton (D:4)
  Robin (D:4)
  6 gnolls
  7 adders
  A shadow imp (D:5)
  3 oozes
  A worm (D:2)
  2 dart slugs
  6 giant geckos
  24 orcs
  10 giant cockroaches
  15 goblins
  7 hobgoblins
  10 jackals
  16 kobolds
  4 quokkas
  2 ball pythons
  A ball python skeleton (D:4)
  5 bats
  3 giant newts
  A quokka skeleton (D:4)
  11 rats
  A plant (D:1)
170 creatures vanquished.

Notes
Turn   | Place    | Note
--------------------------------------------------------------
     0 | D:1      | lorenzova the Spriggan Enchanter began the quest for the Orb.
     0 | D:1      | Reached XP level 1. HP: 9/9 MP: 5/5
   251 | D:1      | Reached XP level 2. HP: 13/13 MP: 7/7
   652 | D:1      | Learned a level 2 spell: Ensorcelled Hibernation
   881 | D:1      | Reached XP level 3. HP: 16/16 MP: 9/9
  1686 | D:2      | Reached skill level 5 in Stealth
  1920 | D:2      | Reached XP level 4. HP: 18/21 MP: 11/11
  2290 | D:2      | Found a stormy altar of Qazlal.
  2323 | D:2      | Found a sparkling altar of Nemelex Xobeh.
  2323 | D:2      | Found an opulent altar of Gozag.
  2465 | D:3      | Learned a level 3 spell: Confuse
  2690 | D:3      | Reached skill level 5 in Hexes
  2879 | D:3      | Reached XP level 5. HP: 24/24 MP: 5/12
  3963 | D:4      | Reached skill level 5 in Spellcasting
  3978 | D:4      | Noticed an ogre
  3990 | D:4      | Killed an ogre
  3990 | D:4      | Reached XP level 6. HP: 28/28 MP: 6/15
  4109 | D:4      | Noticed a hungry ghost
  4123 | D:4      | Killed a hungry ghost
  4187 | D:4      | Noticed Robin
  4616 | D:4      | Killed Robin
  4909 | D:4      | Reached XP level 7. HP: 32/32 MP: 17/17
  4981 | D:4      | Found an iron altar of Okawaru.
  5546 | D:4      | Found a shadowy altar of Dithmenos.
  5761 | D:4      | Became a worshipper of Dithmenos the Shadowed
  7112 | D:5      | Entered Level 5 of the Dungeon
  7337 | D:5      | Reached XP level 8. HP: 36/36 MP: 15/20
  8349 | D:6      | Reached * piety under Dithmenos
  8377 | D:5      | Found a deep blue altar of Sif Muna.
  8377 | D:5      | Found a glowing golden altar of the Shining One.
  8619 | D:6      | Found a staircase to the Ecumenical Temple.
  9888 | D:7      | Mangled by an orc warrior

Vault maps used:
D:1:      minmay_arrival_solitary_statue, serial_forest,
          infiniplex_forest_clump_long, infiniplex_forest_zigzag_2,
          infiniplex_forest_clump_small, infiniplex_forest_straight_1,
          infiniplex_forest_3_way, infiniplex_forest_end_1,
          infiniplex_forest_lined_ring, infiniplex_forest_lined_corner,
          infiniplex_forest_end_1, infiniplex_forest_lined_4_way
D:2:      grunt_temple_overflow_opulence, lemuel_coloured_pillars_altar,
          kennysheep_generic_room_14
D:4:      okawaru_altar_gauntlet_db, first_bread, grunt_dithmenos_smoke,
          uniq_robin
D:5:      nicolae_overflow_hidden_temple
D:6:      minmay_temple_entry_mist
D:7:      lightli_corner_chamber

Skill      XL: |  1  2  3  4  5  6  7  8 |
---------------+-------------------------+-----
Spellcasting   | 3 4 5 6 7 9 |  9.3
Hexes          | 4 5 6 7 9 |  9.3
Stealth        | 5 6 7 8 9 |  9.2
Short Blades   | |  1.1
Dodging        | |  3.0

Action                   |  1- 3 |  4- 6 |  7- 9 || total
-------------------------+-------+-------+-------++-------
Melee: Dagger            |   243 |   226 |   309 ||   778
 Cast: Corona            |     2 |       |       ||     2
       Ensorcelled Hiber |    11 |    28 |    36 ||    75
       Confuse           |       |    18 |    45 ||    63
  Use: Scroll            |       |     7 |       ||     7
 Stab: Sleeping          |    21 |    26 |    33 ||    80
       Distracted        |     1 |     1 |     1 ||     3
       Confused          |       |    11 |    24 ||    35
  Eat: Bread ration      |       |     1 |       ||     1
       Royal jelly       |       |       |     1 ||     1
       Fruit             |       |       |     1 ||     1
       Pizza             |       |       |     1 ||     1
